AoeStats
← 百足ノ舞

Fortress

510819364Analyzed
1v1 RM · 7h ago on Oct 2, 2026· 53m 8s· 2 players
Game mode
Random Map
Map size
Small (3 player)
Population
200
Speed
Normal
Resources
Standard
Victory
Conquest
Starting age
Dark Age
Ending age
Imperial Age
RankedLock teamsTeams togetherTeam positionsShared explorationLock speedFull tech treeHidden civsTurbo modeCheats
Victory
Defeat
🇩🇪 Burgundians · Germany
1229
+16
🇩🇪 Goths · Germany
1235
-16
dexter
7:43 Feudal Age
6:21 Double-Bit Axe
6:18 Horse Collar
9:07 Loom
12:46 Castle Age
11:02 Heavy Plow
11:30 Bow Saw
13:02 Light Cavalry
14:00 Cavalier
15:14 Forging
15:22 Husbandry
16:50 Fortified Wall
16:51 Masonry
16:58 Fletching
21:22 Scale Barding Armor
22:25 Bodkin Arrow
28:54 Chain Barding Armor
29:34 Wheelbarrow
31:57 Stone Mining
32:59 Murder Holes
33:49 Town Watch
35:55 Stone Shaft Mining
39:05 Imperial Age
40:56 Chemistry
40:27 Architecture
40:06 Bracer
40:44 Iron Casting
41:02 Hand Cart
40:15 Hussar
41:30 Conscription
41:48 Hoardings
45:12 Burgundian Vineyards
47:26 Elite Skirmisher
48:48 Padded Archer Armor
49:24 Plate Barding Armor
52:13 Leather Archer Armor
百足ノ舞
0:41 Loom
7:27 Feudal Age
7:58 Double-Bit Axe
7:56 Horse Collar
13:03 Castle Age
11:24 Man-at-Arms
12:53 Stone Mining
15:56 Forging
19:16 Fletching
26:13 Bodkin Arrow
26:55 Iron Casting
27:04 Squires
31:21 Scale Mail Armor
36:33 Masonry
36:19 Murder Holes
37:21 Wheelbarrow
41:02 Imperial Age
38:26 Pikeman
39:25 Chain Mail Armor
40:15 Hand Cart
40:46 Anarchy
40:58 Anarchy
42:52 Halberdier
43:35 Perfusion
44:43 Blast Furnace
45:49 Bow Saw
Connection lost

Rejoining the realm…

Still unreachable

The connection could not be restored.

Session expired

The server has moved on; the page needs a fresh start.